 Dungeon Crawl Stone Soup version 0.28-a0-863-g8cecda6153 (webtiles) character file.

Game seed: 9533260313886094374

107 kae the Ruffian (level 4, -2/36 HPs)
             Began as a Draconian Transmuter on Nov 17, 2021.
             Slain by an orc (4 damage)
             ... on level 4 of the Dungeon.
             The game lasted 00:02:06 (3184 turns).

kae the Ruffian (Draconian Transmuter)              Turns: 3184, Time: 00:02:06

Health: -2/36      AC:  6    Str: 13    XL:     4   Next: 57%
Magic:  2/7        EV: 19    Int: 14    God:
Gold:   166        SH:  0    Dex: 16    Spells: 3/7 levels left

rFire   . . .      SeeInvis .     - Unarmed
rCold   . . .      Faith    .   (shield currently unavailable)
rNeg    . . .      Spirit   .   (armour unavailable)
rPois   x          Reflect  .   (helmet currently unavailable)
rElec   .          Harm     .   (cloak currently unavailable)
rCorr   .          Rampage  .   (gloves currently unavailable)
Will    .....                   (boots currently unavailable)
Stlth   +.........              (no amulet)
HPRegen 0.12/turn               f - +4 ring of protection
MPRegen 0.10/turn               (no ring)

@: spider-form (expiring)
A: venomous fangs, AC +5, tiny, unfitting armour, (cold-blooded)
a: End Transformation


You were on level 4 of the Dungeon.
You were a venomous arachnid creature.
You visited 1 branch of the dungeon, and saw 4 of its levels.

You collected 166 gold pieces.

Inventory:

Armour
 b - a +1 hat (melded)
Jewellery
 f - a +4 ring of protection (left front leg)
Wands
 g - a wand of iceblast (8)
Potions
 a - 2 potions of heal wounds
 c - a potion of cancellation
 d - a potion of lignification
 e - a potion of attraction {unknown}


   Skills:
 + Level 2.3 Fighting
 + Level 2.4 Dodging
 * Level 3.9 Unarmed Combat
 + Level 2.3 Spellcasting
 + Level 2.3 Transmutations
 * Level 1.0 Poison Magic


You had 3 spell levels left.
You knew the following spells:

 Your Spells              Type           Power      Damage    Failure   Level
a - Beastly Appendage     Tmut           16%        N/A       22%         1
b - Spider Form           Tmut/Pois      6%         N/A       56%         3

Your spell library contained the following spells:

 Spells                   Type           Power      Damage    Failure   Level
 Wereblood                Tmut           8%         N/A       30%         2
 Magic Dart               Conj           4%         1d3       43%         1
 Searing Ray              Conj           2%         2d4       56%         2
 Ice Form                 Ice/Tmut       4%         N/A       92%         4
 Fulminant Prism          Conj/Hex       0%         3d6       98%         4


Dungeon Overview and Level Annotations

Branches:
Dungeon (4/15)
 Temple: D:4-7

Altars:


Innate Abilities, Weirdness & Mutations

You are a venomous arachnid creature.
You have poisonous fangs.
You are tiny and dextrous.
Your spellcasting is less reliable in this form.
Your armour is entirely melded.
You are incapable of wielding weapons or throwing items.
((Your plain brown scales are hard. (AC +5)))
You cannot fit into any form of body armour.
((You are cold-blooded and may be slowed by cold attacks.))


Message History

An orc wizard is nearby!
Casting: Spider Form (quite dangerous; 34% risk of failure)
Confirm with . or Enter, or press ? or * to list all spells.
The spell is quite dangerous to cast (34% risk of failure)!
Continue anyway? [Y]es or [N]o only, please.
The spell is quite dangerous to cast (34% risk of failure)!
Continue anyway?
You turn into a venomous arachnid creature.
Your +1 hat melds into your body.
The orc wizard casts a spell at you. The puff of flame hits you!
You hear a shout!
You closely miss the orc wizard.
You hear a shout!
The orc wizard mumbles some strange words.
The orc wizard flickers and vanishes!
Deactivating autopickup; reactivate with Ctrl-A.
You hit something.
You hear a shout!
Your magical contamination has completely faded away.
An orc and 2 orc priests come into view.
An orc priest is wielding a +2 vorpal trident.
The orc priest shouts!
The orc priest misses you. Something hits you. The orc hits you with a +0 mace.
You closely miss something.
The orc priest hits you from afar with a +2 vorpal trident!
Something hits you but does no damage. The orc misses you.
The orc priest looks encouraged for a moment.
You closely miss something. The orc priest barely misses you.
Something barely misses you. The orc barely misses you.
Something hits you but does no damage.
You closely miss something. The orc completely misses you.
Something completely misses you.
Your transformation is almost over.
Something hits you but does no damage.
The orc priest invokes the aid of Beogh against you.
Beogh smites you!
* * * LOW HITPOINT WARNING * * *
There is a stone staircase leading up here.
The orc hits you with a +0 mace.
You die...

#########
#..ooo...
#####o##########
#.....o.#......#
##.##..........#
.......o#......#
###.....s#..###.#
########..#...#
....#.### #
####.#.###### ..
#.#......#
#.###.######.#
###.....### #.#
........)<####.#
##########.....#


You could see an orc priest and 2 orcs.

Vanquished Creatures
  An orc wizard (D:3)
  2 adders (D:2)
  A worm (D:2)
  6 orcs
  6 endoplasms
  2 giant cockroaches (D:2)
  A goblin (D:1)
  2 hobgoblins
  11 jackals (D:2)
  2 quokkas
  5 ball pythons
  3 bats
  4 frilled lizards
  3 kobolds
  A rat (D:1)
50 creatures vanquished.

Notes
Turn   | Place    | Note
-------+----------+-------------------------------------------
     0 | D:1      | kae the Draconian Transmuter began the quest for the Orb.
     0 | D:1      | Reached XP level 1. HP: 16/16 MP: 3/3
  1102 | D:2      | Reached XP level 2. HP: 20/23 MP: 3/5
  1443 | D:2      | Reached XP level 3. HP: 26/29 MP: 6/6
  1461 | D:2      | Learned a level 3 spell: Spider Form
  2600 | D:3      | Reached XP level 4. HP: 24/36 MP: 3/7
  2756 | D:3      | Found a faded altar of an unknown god.
  2898 | D:3      | Reached skill level 1 in Poison Magic
  3184 | D:4      | Slain by an orc

Illustrated notes

Levels and vault maps discovered:
D:1:      amcnicky_arrival_flooded_fountain, layout_basic, st_stairs_13
D:2:      layout_basic
D:3:      layout_rooms, shapermc_ecumenical_altar_mp_urbaneastern
D:4:      lemuel_castle_with_subvaults [lemuel_castle_interior_original],
          layout_basic, mainiacjoe_overflow_chevrons, serial_shops,
          nicolae_shop_overgrown_old_shop, uniq_duvessa

Skill      XL: |  1  2  3  4 |
---------------+-------------+-----
Dodging        | 2 |  2.4
Fighting       | 2 |  2.3
Poison Magic   | 1 |  1.0
Unarmed Combat | |  3.9
Spellcasting   | |  2.3
Transmutations | |  2.3

Action                   |  1- 3 |  4- 6 || total
-------------------------+-------+-------++-------
Melee: Unarmed           |   156 |    31 ||   187
       Tailslap          |    12 |     3 ||    15
       Headbutt          |    11 |     2 ||    13
       Kick              |    19 |     1 ||    20
       Punch             |     2 |       ||     2
 Cast: Beastly Appendage |    22 |     3 ||    25
       Spider Form       |     2 |     2 ||     4
  Use: Scroll            |     3 |       ||     3
       Potion            |     1 |       ||     1
Armor: Skin              |    63 |    16 ||    79
Dodge: Dodged            |   113 |    27 ||   140

Table legend: (Time is in decaauts)
 A = Elapsed time spent in this place.
 B = Non-inter-level travel time spent in this place.
 C = Inter-level travel time spent in this place.
 D = Time resting spent in this place.
 E = Time spent auto-exploring this place.
 F = Levels seen in this place.
 G = Mean time per level.
                   A        B        C        D        E       F      G
               +--------+--------+--------+--------+--------+-----+--------+
         Total |   3170 |   3047 |    123 |     18 |   2625 |   4 |  792.5 |
       Dungeon |   3170 |   3047 |    123 |     18 |   2625 |   4 |  792.5 |
               +--------+--------+--------+--------+--------+-----+--------+

Top non-repeatable levels by time:
     D:2: 1651 daAuts
     D:1: 820 daAuts
     D:3: 578 daAuts
     D:4: 120 daAuts
